 Dungeon Crawl Stone Soup version 0.29.1-4-g47bece8355 (webtiles) character file.

Game seed: 7514539511627028517

51 mester the Caller (level 3, 0/19 HPs)
             Began as a Tengu Summoner on Dec 1, 2022.
             Succumbed to an adder's poison
             ... on level 2 of the Dungeon.
             The game lasted 00:10:13 (1189 turns).

mester the Caller (Tengu Summoner)                  Turns: 1189, Time: 00:10:14

Health: 0/19       AC:  2    Str:  8    XL:     3   Next: 83%
Magic:  5/8        EV: 12    Int: 17    God:
Gold:   39         SH:  0    Dex: 14    Spells: 4/7 levels left

rFire   . . .      SeeInvis .   f - +0 short sword
rCold   . . .      Faith    .   (no shield)
rNeg    . . .      Spirit   .   a - +0 robe
rPois   .          Reflect  .   (helmet restricted)
rElec   .          Harm     .   (no cloak)
rCorr   .          Rampage  .   (no gloves)
Will    .....                   (boots unavailable)
Stlth   ++........              (no amulet)
HPRegen 0.06/turn               m - ring of flight
MPRegen 0.11/turn               (no ring)

@: lethally poisoned (0 -> -5), flying
A: beak, talons 3
a: no special abilities


You were on level 2 of the Dungeon.
You visited 1 branch of the dungeon, and saw 2 of its levels.

You collected 39 gold pieces.

Inventory:

Hand Weapons
 f - a +0 short sword (weapon)
Armour
 a - a +0 robe (worn)
 e - a +0 robe
Jewellery
 m - a ring of flight (left hand)
Scrolls
 d - a scroll of immolation {unknown}
 g - 2 scrolls of fear {unknown}
 i - 2 scrolls of identify {unknown}
 l - a scroll of brand weapon {unknown}
 o - a scroll of silence {unknown}
Potions
 b - a potion of magic
 c - a potion of heal wounds {unknown}
 h - a potion of ambrosia {unknown}
 j - a potion of berserk rage {unknown}
 k - a potion of brilliance {unknown}
 n - a potion of curing {unknown}


   Skills:
 + Level 0.1 Short Blades
 + Level 2.4 Dodging
 + Level 2.0 Stealth
 + Level 2.7 Spellcasting
 + Level 5.7 Summonings


You had 4 spell levels left.
You knew the following spells:

 Your Spells              Type           Power      Damage    Failure   Level
a - Summon Small Mammal   Summ           84%        N/A       1%          1
b - Call Imp              Summ           21%        N/A       2%          2

Your spell library contained the following spells:

 Spells                   Type           Power      Damage    Failure   Level
 Call Canine Familiar     Summ           21%        N/A       4%          3
 Summon Guardian Golem    Hex/Summ       12%        N/A       17%         3
 Summon Lightning Spire   Summ/Air       12%        N/A       50%         4
 Anguish                  Hex/Necr       1%         N/A       87%         4
 Enfeeble                 Hex            1%         N/A       100%        7


Dungeon Overview and Level Annotations

Branches:
Dungeon (2/15)

Altars:


Innate Abilities, Weirdness & Mutations

You have a beak for a mouth.
You have claws for feet.


Message History

Your crimson imp closely misses the adder.
The adder barely misses your crimson imp.
Your crimson imp barely misses the adder.
The adder closely misses your crimson imp.
Your crimson imp misses the adder.
The adder closely misses your crimson imp.
The adder bites your crimson imp.
Your crimson imp misses the adder.
The adder bites your crimson imp but does no damage.
Your crimson imp barely misses the adder.
The adder misses your crimson imp.
Your crimson imp blinks!
Your crimson imp misses the adder.
Your crimson imp hits the adder.
The adder barely misses you. The adder closely misses you.
Your crimson imp barely misses the adder.
Your crimson imp completely misses the adder.
The adder attacks as you move away! The adder misses you.
The adder attacks as you move away! The adder bites you.
You are poisoned.
The adder poisons you!
You feel sick. The adder bites you.
You feel sick.
You feel sick. The adder attacks as you move away!
The adder closely misses you.
You feel sick.
Your crimson imp disappears in a puff of smoke!
The adder closely misses you.
There is a stone staircase leading down here.
You feel sick. The adder attacks as you move away! The adder bites you.
* * * LOW HITPOINT WARNING * * *
You are lethally poisoned!
The adder poisons you!
* * * LOW HITPOINT WARNING * * *
You feel sick.
Casting: Call Imp (safe; 2% risk of failure)
Confirm with . or Enter, or press ? or * to list all spells.
A beastly little devil appears in a puff of flame.
* * * LOW HITPOINT WARNING * * *
You feel sick. The adder bites you but does no damage.
You die...

######## ##......##
##........##
######..........######
..............5S@....#
######..........###.<#
#...[......# #.##
#..........# #.#
#######........####.#
#...............#...#
####.#..........#.###
#............#.#
##..........†..#


You could see an adder (ally target) and a friendly crimson imp (summoned).

Vanquished Creatures
  A dart slug (D:1)
  A bat (D:1)
  A goblin (D:1)
  A rat (D:1)
4 creatures vanquished.

Vanquished Creatures (collateral kills)
  3 dart slugs
  5 endoplasms (D:1)
  2 giant cockroaches (D:1)
  4 hobgoblins
  2 jackals (D:1)
  3 kobolds (D:1)
  A quokka (D:1)
  3 ball pythons (D:1)
  5 bats (D:1)
  3 goblins (D:1)
  5 rats
36 creatures vanquished.

Grand Total: 40 creatures vanquished

Notes
Turn   | Place    | Note
-------+----------+-------------------------------------------
     0 | D:1      | mester the Tengu Summoner began the quest for the Orb.
     0 | D:1      | Reached XP level 1. HP: 10/10 MP: 4/4
   130 | D:1      | Reached skill level 5 in Summonings
   225 | D:1      | Reached XP level 2. HP: 15/15 MP: 3/6
   228 | D:1      | Learned a level 2 spell: Call Imp
   398 | D:1      | Reached XP level 3. HP: 19/19 MP: 4/7
   429 | D:1      | Found a faded altar of an unknown god.
  1189 | D:2      | Succumbed to an adder's poison

Illustrated notes

Levels and vault maps discovered:
D:1:      erik_arrival_triangle_small, layout_rooms,
          chequers_ecumenical_altar_island, grunt_decor_cap, minmay_box_of_dots
D:2:      layout_rooms, hangedman_decor_diamond_cutter, nrook_uturn

Skill      XL: |  1 |
---------------+----+-----
Summonings     | 5 |  5.7
Short Blades   | |  0.1
Dodging        | |  2.4
Stealth        | |  2.0
Spellcasting   | |  2.7

Action                   || total
-------------------------++-------
Melee: Unarmed           ||     1
       Short sword       ||     5
       Kick              ||     2
 Cast: Summon Small Mamm ||    27
       Call Imp          ||    15
Armor: Robe              ||     7
Dodge: Dodged            ||    28
